 Dungeon Crawl Stone Soup version 0.29.1-1-gd02db6906a (webtiles) character file.

Game seed: 8990580984558423064

106 SensoryNuts the Trooper (level 4, -3/49 HPs)
             Began as an Ogre Fighter on Sept 16, 2022.
             Slain by a gnoll
             ... wielding a +0 whip
              (7 damage)
             ... on level 3 of the Dungeon.
             The game lasted 00:02:16 (2758 turns).

SensoryNuts the Trooper (Ogre Fighter)              Turns: 2758, Time: 00:02:17

Health: -3/49      AC:  4    Str: 22    XL:     4   Next: 84%
Magic:  4/4        EV:  8    Int:  9    God:
Gold:   160        SH:  7    Dex:  8    Spells: 3/3 levels left

rFire   . . .      SeeInvis .   a - +0 flail
rCold   . . .      Faith    .   c - +0 kite shield
rNeg    . . .      Spirit   .   b - +0 robe
rPois   .          Reflect  .   (helmet restricted)
rElec   .          Harm     .   i - +0 cloak
rCorr   .          Rampage  .   (gloves unavailable)
Will    .....                   (boots unavailable)
Stlth   +.........              (no amulet)
HPRegen 0.16/turn               (no ring)
MPRegen 0.09/turn               (no ring)

@: mighty
A: large, unfitting armour, tough skin 1
a: no special abilities


You were on level 3 of the Dungeon.
You visited 1 branch of the dungeon, and saw 3 of its levels.

You collected 160 gold pieces.

Inventory:

Hand Weapons
 a - a +0 flail (weapon)
Armour
 b - a +0 robe (worn)
 c - a +0 kite shield (worn)
 i - a +0 cloak (worn)
Scrolls
 e - a scroll of noise
 g - a scroll of torment {unknown}
 h - a scroll of enchant weapon
 l - a scroll of fear {unknown}
Potions
 f - a potion of cancellation
 j - 3 potions of lignification
 k - a potion of flight {unknown}


   Skills:
 + Level 4.4 Fighting
 * Level 3.4 Maces & Flails
 + Level 3.1 Dodging
 + Level 0.1 Stealth
 + Level 3.4 Shields


You had 3 spell levels left.
You didn't know any spells.
Your spell library contained the following spells:

 Spells                   Type           Power      Damage    Failure   Level
 Gell's Gravitas          Tloc           0%         N/A       96%         3
 Lesser Beckoning         Tloc           0%         N/A       96%         3
 Teleport Other           Tloc           0%         N/A       96%         3


Dungeon Overview and Level Annotations

Branches:
Dungeon (3/15)

Altars:
Gozag

Shops:
D:2 *


Innate Abilities, Weirdness & Mutations

You are too large for most types of armour.
You have tough skin. (AC +1)


Message History

You sock the gnoll!
The gnoll is heavily wounded.
The gnoll hits you from afar with a +0 spear.
The gnoll hits you with a +0 flail. You block the gnoll's attack.
You hit the gnoll.
The gnoll is severely wounded.
The gnoll misses you. The gnoll hits you with a +0 flail.
The gnoll hits you with a +0 whip. You block the gnoll's attack.
The gnoll hits you from afar with a +0 spear.
The gnoll hits you with a +0 whip.
You sock the gnoll!
You kill the gnoll!
The gnoll hits you from afar with a +0 spear.
The gnoll barely misses you.
You are too injured to fight recklessly!
You are too injured to fight recklessly!
You are too injured to fight recklessly!
You are too injured to fight recklessly!
You are too injured to fight recklessly!
You are too injured to fight recklessly!
You are too injured to fight recklessly!
You are too injured to fight recklessly!
You are too injured to fight recklessly!
You are too injured to fight recklessly!
You are too injured to fight recklessly!
You are too injured to fight recklessly!
You are too injured to fight recklessly!
You are too injured to fight recklessly!
You are too injured to fight recklessly!
You are too injured to fight recklessly!
You are too injured to fight recklessly!
Unknown command.
You feel very mighty all of a sudden.
The gnoll hits you from afar with a +0 spear!
The gnoll hits you with a +0 whip!
* * * LOW HITPOINT WARNING * * *
The gnoll hits you with a +0 spear.
* * * LOW HITPOINT WARNING * * *
The gnoll hits you with a +0 whip!
You die...

#.#....###...##.####..##.##.#
#...###.#..####.# #.†#####.#
##.## #.....##.# #........#
#.# ###......####.########
#.# ###.####.......# ###.###
####.####.......#
#.....####.......#.##.##.#
#.#.#.......)....#.##.##.#
#.#.....##...@g..#.##.##.#
#.###.#.##...g...#.......#
#.#.....##.......#.#####.#
#.....####.......#.# #.#
###.#.# #.......#.# #.#
#.#... ..#######.# #.#
####.####### #.#####.#
#.......###### #.......#
#.##.##......#########.####


You could see 2 gnolls.

Vanquished Creatures
  A gnoll (D:3)
  2 adders (D:3)
  5 orcs (D:3)
  7 ball pythons
  8 bats
  4 endoplasms
  A giant cockroach (D:2)
  6 goblins
  11 hobgoblins
  6 jackals
  4 kobolds
  A quokka (D:3)
  2 frilled lizards
  6 rats
64 creatures vanquished.

Notes
Turn   | Place    | Note
-------+----------+-------------------------------------------
     0 | D:1      | SensoryNuts the Ogre Fighter began the quest for the Orb.
     0 | D:1      | Reached XP level 1. HP: 24/24 MP: 1/1
   202 | D:1      | HP: 1/24 [jackal (2)]
   206 | D:1      | Reached XP level 2. HP: 2/32 MP: 2/2
  1022 | D:1      | Found a faded altar of an unknown god.
  1039 | D:1      | Reached XP level 3. HP: 39/39 MP: 3/3
  1985 | D:2      | Found an opulent altar of Gozag.
  2030 | D:2      | Found Kaishruo's Assorted Antiques.
  2226 | D:3      | Reached XP level 4. HP: 41/49 MP: 4/4
  2758 | D:3      | Slain by a gnoll

Illustrated notes

Levels and vault maps discovered:
D:1:      eino_arrival_water_cross, layout_loops_cross,
          hellmonk_ecumenical_altar_zigzags, kennysheep_small_spiral
D:2:      layout_loops_ring, basic_altar, serial_shops, shop,
          minmay_misc_feat_iff
D:3:      layout_loops_cross

Skill      XL: |  1  2  3  4 |
---------------+-------------+-----
Maces & Flails | 2 3 |  3.4
Dodging        | 3 |  3.1
Fighting       | |  4.4
Stealth        | |  0.1
Shields        | |  3.4

Action                   |  1- 3 |  4- 6 || total
-------------------------+-------+-------++-------
Melee: Flail             |   134 |    51 ||   185
  Use: Potion            |     1 |     1 ||     2
       Scroll            |     6 |       ||     6
 Stab: Sleeping          |     1 |       ||     1
Armor: Robe              |    37 |    22 ||    59
Dodge: Dodged            |    59 |    24 ||    83
Block: Kite shield       |    60 |    14 ||    74
